 Dungeon Crawl Stone Soup version 0.22.0-49-gab54619674 (webtiles) character file.

182 Eralyen the Gusty (level 5, -2/38 HPs)
             Began as a Draconian Air Elementalist on Sept 6, 2018.
             Slain by an orc wizard
             ... wielding a +0 dagger
              (6 damage)
             ... on level 4 of the Dungeon on Sept 7, 2018.
             The game lasted 00:46:33 (2964 turns).

Eralyen the Gusty (Draconian Air Elementalist)      Turns: 2964, Time: 00:46:33

Health: -2/38      AC:  5    Str: 12      XL:     5   Next: 35%
Magic:  0/9        EV: 12    Int: 16      God:
Gold:   236        SH:  0    Dex: 11 (14) Spells: 2/10 levels left

rFire    + . .     SeeInvis .   k - staff of fire
rCold    . . .     Gourm    .   (no shield)
rNeg     . . .     Faith    .   (armour unavailable)
rPois    .         Spirit   .   (helmet restricted)
rElec    .         Reflect  .   (no cloak)
rCorr    .         Harm     .   (no gloves)
MR       .....                  (no boots)
Stlth    ++........             (no amulet)
HPRegen  0.12/turn              e - +2 ring of strength
MPRegen  0.11/turn              p - +2 ring of dexterity

@: no status effects
A: unfitting armour, cold-blooded, AC +5
a: no special abilities


You were on level 4 of the Dungeon.
You were not hungry.

You visited 1 branch of the dungeon, and saw 4 of its levels.

You collected 236 gold pieces.

Inventory:

Hand Weapons
 a - a +1 whip
 g - a +0 mace
 h - a +0 hand axe
Missiles
 c - 41 bolts
 l - 37 stones (quivered)
 n - 15 arrows
Magical Staves
 k - an uncursed staff of fire (weapon)
Jewellery
 e - a +2 ring of strength (left hand)
 p - a +2 ring of dexterity (right hand)
Wands
 i - a wand of polymorph (19)
Scrolls
 d - a scroll of magic mapping
 f - 3 scrolls of identify
Comestibles
 b - 7 rations
 m - 3 chunks of flesh


   Skills:
 - Level 1.9 Dodging
 - Level 1.8 Stealth
 + Level 3.1 Spellcasting
 - Level 1.0 Conjurations
 * Level 5.3 Air Magic


You had 2 spell levels left.
You knew the following spells:

 Your Spells              Type           Power        Failure   Level  Hunger
a - Shock                 Conj/Air       ##..         4%          1    None
b - Static Discharge      Conj/Air       ##......     14%         3    ###....
c - Airstrike             Air            ###.......   21%         4    ####...

Your spell library contained the following spells:

 Spells                   Type           Power        Failure   Level  Hunger
 Swiftness                Chrm/Air       ##......     10%         2    ##.....
 Lightning Bolt           Conj/Air       ##........   80%         5    ######.


Dungeon Overview and Level Annotations

Branches:
Dungeon (4/15)
 Temple: D:4-7

Altars:
Ashenzari
Hepliaklqana
Yredelemnul

Annotations:
D:3 Azzok's ghost, amateur HOFE


Innate Abilities, Weirdness & Mutations

Your plain brown scales are hard. (AC +5)
You cannot fit into any form of body armour.
You are cold-blooded and may be slowed by cold attacks.


Message History

You hit the orc wizard but do no damage.
The orc wizard is moderately wounded.
The orc wizard hits you but does no damage.
The orc wizard hits you with a dagger.
You hit the orc wizard. You tail-slap the orc wizard.
The orc wizard is severely wounded.
The orc wizard casts a spell at you. The magic dart hits you!
* * * LOW HITPOINT WARNING * * *
The orc wizard gestures at you while chanting.
The magic dart hits you!
* * * LOW HITPOINT WARNING * * *
Casting: Shock (safe; 4% risk of failure)
Confirm with . or Enter, or press ? or * to list all spells.
Aiming: Shock (safe; 4% risk of failure)
Press: ? - help, Shift-Dir - straight line The zap misses the orc wizard.
The orc wizard hits you with a dagger.
* * * LOW HITPOINT WARNING * * *
The orc wizard hits you with a dagger.
You die...

#.#...# ...
....####.####
#..........
#..<...#
####..#.### #
#..†..#.# #8#
#.##.##.# ...8##
##÷..o##.#
....####..###@..#
....>#.#..###.###
....##........#
...8####..##### #
#....#
#########....#
.......>.s..##
............##
#...§.......#..


You could see an orc wizard.

Vanquished Creatures
  A quasit (D:3)
  Terence (D:3)
  A worker ant (D:4)
  4 adders
  An ooze (D:1)
  A worm (D:2)
  A dart slug (D:4)
  4 leopard geckos (D:2)
  An orc (D:3)
  7 bats
  5 giant cockroaches
  4 goblins
  12 hobgoblins
  4 jackals (D:1)
  6 kobolds
  2 frilled lizards
  6 rats
61 creatures vanquished.

Notes
Turn   | Place    | Note
-------+----------+-------------------------------------------
     0 | D:1      | Eralyen the Draconian Air Elementalist began the quest for
                  | the Orb.
     0 | D:1      | Reached XP level 1. HP: 14/14 MP: 3/3
   182 | D:1      | Reached XP level 2. HP: 20/20 MP: 1/5
   746 | D:1      | Reached XP level 3. HP: 20/26 MP: 2/6
   813 | D:1      | Learned a level 3 spell: Static Discharge
   837 | D:1      | Reached skill level 4 in Air Magic
  1084 | D:2      | Found a shattered altar of Ashenzari.
  1822 | D:2      | Found a basalt altar of Yredelemnul.
  1861 | D:2      | Found a hazy altar of Hepliaklqana.
  2008 | D:3      | Noticed Terence
  2040 | D:3      | Killed Terence
  2040 | D:3      | Reached XP level 4. HP: 19/33 MP: 1/7
  2183 | D:3      | Found a transporter.
  2186 | D:3      | Noticed Azzok's ghost (amateur HOFE)
  2420 | D:3      | Found a transporter.
  2714 | D:3      | Reached skill level 5 in Air Magic
  2853 | D:3      | Learned a level 4 spell: Airstrike
  2880 | D:4      | Reached XP level 5. HP: 37/38 MP: 6/9
  2964 | D:4      | Slain by an orc wizard

Skill      XL: |  1  2  3  4 |
---------------+-------------+-----
Air Magic      | 4 5 |  5.3
Spellcasting   | 3 |  3.1
Dodging        | |  1.9
Stealth        | |  1.8
Conjurations   | |  1.0

Action                   |  1- 3 |  4- 6 || total
-------------------------+-------+-------++-------
Melee: Whip              |    19 |       ||    19
       Tailslap          |     1 |     2 ||     3
       Mace              |     2 |       ||     2
       Staff             |       |    10 ||    10
 Cast: Shock             |    72 |    35 ||   107
       Static Discharge  |     1 |     1 ||     2
       Airstrike         |       |     1 ||     1
  Use: Scroll            |     7 |     3 ||    10
       Potion            |     2 |     4 ||     6
 Stab: Sleeping          |     1 |       ||     1
  Eat: Chunk             |     4 |     4 ||     8
Armor: Skin              |    13 |    59 ||    72
Dodge: Dodged            |    30 |    85 ||   115
